AoeStats
← SHIOZEN

Arabian Desert

510173820Analyzed
1v1 RM · 3d ago on Sep 29, 2026· 27m 44s· 2 players
Game mode
Random Map
Map size
Tiny (2 player)
Population
200
Speed
Normal
Resources
Standard
Victory
Conquest
Starting age
Dark Age
Ending age
Imperial Age
RankedLock teamsTeams togetherTeam positionsShared explorationLock speedFull tech treeHidden civsTurbo modeCheats
Victory
Defeat
🇨🇴 Mongols · Colombia
1513
+19
🇦🇪 Persians · United Arab Emirates
1579
-19
monsterrlol13
5:21 Loom
20:55 Feudal Age
27:04 Wheelbarrow
SHIOZEN
8:20 Feudal Age
9:08 Loom
10:23 Man-at-Arms
16:55 Double-Bit Axe
27:14 Castle Age
26:27 Bloodlines
26:31 Horse Collar
Connection lost

Rejoining the realm…

Still unreachable

The connection could not be restored.

Session expired

The server has moved on; the page needs a fresh start.